 Dungeon Crawl Stone Soup version 0.31-a0-175-g9f7f995f2b (webtiles) character file.

Game seed: 370776117141125487

36 qw the Shooter (level 3, 0/32 HPs)
             Began as a Naga Hunter on June 16, 2023.
             Slain by a hobgoblin (3 damage)
             ... on level 2 of the Dungeon.
             The game lasted 00:00:14 (825 turns).

qw the Shooter (Naga Hunter)                         Turns: 825, Time: 00:00:15

Health: 0/32       AC:  2    Str: 13    XL:     3   Next: 37%
Magic:  3/3        EV:  9    Int:  9    God:
Gold:   31         SH:  0    Dex: 16    Spells: 2/2 levels left

rFire   . . .        Y - +0 shortbow
rCold   . . .        (shield currently unavailable)
rNeg    . . .        c - +0 leather armour
rPois   +            (no helmet)
rElec   .            (no cloak)
rCorr   .            (no gloves)
SInv    +            (no barding)
Will    .....        (no amulet)
Stlth   ++           (no ring)
HPRegen 0.25/turn    (no ring)
MPRegen 0.08/turn

%: no passive effects
@: short of breath, very slow
A: AC +1, large, see invisible, deformed body, poison resistance, slowness 2,
spit poison 1, naga tail 1
a: Spit Poison


You were on level 2 of the Dungeon.
You visited 1 branch of the dungeon, and saw 2 of its levels.

You collected 31 gold pieces.


Innate Abilities, Weirdness & Mutations

Your serpentine skin is tough. (AC +1)
You have supernaturally acute eyesight. (SInv)
Armour fits poorly on your strangely shaped body.
Your system is resistant to poisons. (rPois)
You cover ground very slowly.
You can spit poison.
You have a snake-like lower body.


   Skills:
 - Level 2.0 Fighting
 + Level 4.6 Ranged Weapons
 - Level 1.5 Dodging
 - Level 1.5 Stealth


You had 2 spell levels left.
You didn't know any spells.
Your spell library was empty.

Inventory:

Hand Weapons
 Y - a +0 shortbow (weapon)
Armour
 c - a +0 leather armour (worn)
Potions
 d - 2 potions of curing {unknown}
 f - a potion of mutation {unknown}
 h - a potion of heal wounds {unknown}

Dungeon Overview and Level Annotations

Branches:
Dungeon (2/15)

Altars:


Message History

The arrow barely misses the jackal.
The arrow closely misses the ball python.
The jackal bites you. The jackal closely misses you.
The jackal barely misses you.
You shoot an arrow. The arrow closely misses the jackal.
The arrow hits the jackal!
You kill the jackal!
You have got your breath back.
The jackal bites you. x2
A rat comes into view.
The hobgoblin hits you. The jackal bites you.
The jackal bites you but does no damage.
The hobgoblin barely misses you.
821 ||| INVOKING Spit Poison.
Aiming: Spit Poison (2% risk of failure)
Press: ? - help, Shift-Dir - straight line, f/p - jackal The splash of poison hits the jackal.
The jackal is poisoned.
You kill the jackal!
The jackal bites you. The hobgoblin hits you.
The adder bites you but does no damage.
You shoot an arrow. The arrow closely misses the adder.
The ball python bites you. The jackal closely misses you. The adder bites you.
The ball python bites you. The hobgoblin hits you. The jackal bites you.
You shoot an arrow. The arrow hits the adder.
The adder is lightly wounded.
The adder barely misses you. The ball python bites you. The jackal bites you.
The hobgoblin hits you. The adder closely misses you.
You shoot an arrow. The arrow barely misses the adder.
You have got your breath back.
The jackal bites you. The ball python closely misses you.
The adder closely misses you. The hobgoblin barely misses you.
The jackal barely misses you. The ball python completely misses you.
825 ||| INVOKING Spit Poison.
Aiming: Spit Poison (2% risk of failure)
Press: ? - help, Shift-Dir - straight line, f/p - adder The splash of poison misses the adder.
The adder bites you.
The jackal bites you but does no damage.
The hobgoblin hits you.
You die...

.....#### ..#
........# ...#
........# ...#
........# ....
8.8.....##..#
####.........###
.......Sgh......
........@Sr.....
..........###....
........>.# .
.........##
.........#
.........#
.........#
.........#####
.........#...#


You could see an adder, a jackal, a hobgoblin, a ball python and a rat.

Vanquished Creatures
  A gnoll (D:1)
  5 endoplasms
  A giant cockroach (D:1)
  2 goblins (D:1)
  2 hobgoblins (D:1)
  2 jackals (D:2)
  A quokka (D:1)
  3 ball pythons
  3 bats (D:1)
  A frilled lizard (D:2)
  4 rats (D:1)
25 creatures vanquished.

Notes
Turn   | Place    | Note
-------+----------+-------------------------------------------
     0 | D:1      | qw the Naga Hunter began the quest for the Orb.
     0 | D:1      | Reached XP level 1. HP: 19/19 MP: 1/1
     0 | D:1      | 0 ||| qw: Version: 0.2-a-29-g511e9b1
     0 | D:1      | 0 ||| qw: Game counter: 5708
     0 | D:1      | 0 ||| qw: Always use a shield: true
     0 | D:1      | 0 ||| qw: God list: Okawaru
     0 | D:1      | 0 ||| qw: Allow faded altars: false
     0 | D:1      | 0 ||| qw: Do Orc after D:15 true
     0 | D:1      | 0 ||| qw: Do second Lair branch before Depths: true
     0 | D:1      | 0 ||| qw: Lair rune preference: random
     0 | D:1      | 0 ||| qw: Plans: Normal
     0 | D:1      | 0 ||| PLANNING D:1-11
    15 | D:1      | 15 ||| INVOKING Spit Poison.
    40 | D:1      | 40 ||| INVOKING Spit Poison.
    80 | D:1      | 80 ||| INVOKING Spit Poison.
   121 | D:1      | 121 ||| INVOKING Spit Poison.
   137 | D:1      | 137 ||| INVOKING Spit Poison.
   138 | D:1      | Reached skill level 4 in Ranged Weapons
   138 | D:1      | Reached XP level 2. HP: 26/26 MP: 2/2
   141 | D:1      | 141 ||| INVOKING Spit Poison.
   147 | D:1      | 147 ||| INVOKING Spit Poison.
   180 | D:1      | 180 ||| INVOKING Spit Poison.
   183 | D:1      | 183 ||| INVOKING Spit Poison.
   329 | D:1      | 329 ||| INVOKING Spit Poison.
   333 | D:1      | HP: 6/26 [gnoll/+0 club (6)]
   335 | D:1      | 335 ||| INVOKING Spit Poison.
   336 | D:1      | Reached XP level 3. HP: 8/32 MP: 3/3
   338 | D:1      | HP: 3/32 [goblin/+0 dagger (3)]
   508 | D:1      | 508 ||| INVOKING Spit Poison.
   515 | D:1      | 515 ||| INVOKING Spit Poison.
   611 | D:1      | 611 ||| INVOKING Spit Poison.
   671 | D:1      | 671 ||| READING scroll labelled OSMULE UMUN.
   672 | D:1      | 672 ||| READING scroll labelled JASEZX SUAN.
   673 | D:1      | 673 ||| DROPPING scroll of butterflies.
   776 | D:2      | 776 ||| INVOKING Spit Poison.
   816 | D:2      | 816 ||| INVOKING Spit Poison.
   821 | D:2      | 821 ||| INVOKING Spit Poison.
   823 | D:2      | HP: 7/32 [jackal (3)]
   825 | D:2      | 825 ||| INVOKING Spit Poison.
   825 | D:2      | HP: 3/32 [adder (1)]
   825 | D:2      | Slain by a hobgoblin

Levels and vault maps discovered:
D:1:      nzn_arrival_crosshair, layout_loops_ring,
          chequers_serial_rivers_micro_d
D:2:      kennysheep_the_goblin_king, layout_basic

Skill      XL: |  1 |
---------------+----+-----
Ranged Weapons | 4 |  4.6
Fighting       | |  2.0
Dodging        | |  1.5
Stealth        | |  1.5

Action                     || total
---------------------------++-------
   Fire: Shortbow          ||    39
Ability: Spit Poison       ||    18
    Use: Scroll            ||     2
 Armour: Leather armour    ||     4
  Dodge: Dodged            ||    15

Table legend:
 A = Non-vault XP
 B = Vault XP
 C = Vault XP percentage of total XP
 D = Non-vault monster count
 E = Vault monster count
 F = Vault count percentage of total count
                 A         B        C        D         E       F
            +---------+---------+-------+---------+---------+-------
      Total |      52 |       0 |   0.0 |      25 |       0 |   0.0
            +---------+---------+-------+---------+---------+-------
        D:1 |      44 |       0 |   0.0 |      20 |       0 |   0.0
        D:2 |       8 |       0 |   0.0 |       5 |       0 |   0.0
            +---------+---------+-------+---------+---------+-------
